 Dungeon Crawl Stone Soup version 0.30.1-4-g462c640d31 (webtiles) character file.

Game seed: 9157866044056938105

14 leafyfresh the Changer (level 2, -7/21 HPs)
             Began as a Merfolk Transmuter on Aug 19, 2023.
             Mangled by an ice beast (14 damage)
             ... on level 3 of the Dungeon.
             The game lasted 00:00:47 (1166 turns).

leafyfresh the Changer (Merfolk Transmuter)         Turns: 1166, Time: 00:00:48

Health: -7/21      AC:  2    Str: 10    XL:     2   Next: 45%
Magic:  4/5        EV: 12    Int: 12    God:
Gold:   59         SH:  0    Dex: 14    Spells: 4/5 levels left

rFire   . .          .
                       - Unarmed
rCold   . . .        (no shield)
rNeg    . . .        a - +0 robe
rPois   .            (helmet currently unavailable)
rElec   .            (no cloak)
rCorr   .            (no gloves)
SInv    .            (boots currently unavailable)
Will    .....        (no amulet)
Stlth   +            (no ring)
HPRegen 0.23/turn    (no ring)
MPRegen 0.09/turn

%: no passive effects
@: appendages
A: horns 2, (nimble swimmer 2), mertail
a: End Transformation


You were on level 3 of the Dungeon.
You had temporarily grown beastly horns.
You visited 1 branch of the dungeon, and saw 3 of its levels.

You collected 59 gold pieces.

Inventory:

Armour
 a - a +0 robe (worn)
 h - a scarf of harm
Scrolls
 c - a scroll of brand weapon {unknown}
 d - 3 scrolls of identify {unknown}
 g - a scroll of vulnerability {unknown}
Potions
 b - 2 potions of lignification
 e - a potion of degeneration {unknown}
 f - a potion of mutation {unknown}
 i - a potion of invisibility {unknown}


   Skills:
 - Level 1.1 Fighting
 - Level 2.6 Dodging
 - Level 3.2 Unarmed Combat
 - Level 2.0 Spellcasting
 + Level 4.1 Transmutations


You had 4 spell levels left.
You knew the following spells:

 Your Spells              Type           Power      Damage    Failure   Level
a - Beastly Appendage     Tmut           22%        N/A       4%          1

Your spell library contained the following spells:

 Spells                   Type           Power      Damage    Failure   Level
 Wereblood                Tmut           11%        N/A       8%          2
 Spider Form              Tmut/Pois      6%         N/A       34%         3
 Ice Form                 Ice/Tmut       6%         N/A       75%         4


Dungeon Overview and Level Annotations

Branches:
Dungeon (2/15)

Altars:
Ru


Innate Abilities, Weirdness & Mutations

You have temporarily grown beastly horns.
((You are very nimble when in or above water. (Stealth+, EV+, Speed+++)))
Your lower body shifts to a powerful aquatic tail in water.


Message History

A dart slug is nearby!
You hit the dart slug.
You kill the dart slug!
Your transformation is almost over.
Your Transmutations skill increases to level 4!
Your horns disappear.
You hear the slow rusting of a very distant drain.
There is an open door here.
A bat comes into view.
A bat is nearby!
A bat is nearby!
There is an open door here.
A bat is nearby!
The bat closely misses you.
A bat is nearby!
The bat hits you but does no damage. The bat closely misses you.
The bat barely misses you.
A bat is nearby!
You hit the bat.
You kill the bat!
There is an open door here.
Things that are here:
a giant cockroach corpse; a quokka corpse
There is an open door here.
You hear the rusting of a drain very nearby.
Found a sacrificial altar of Ru.
No target in view!
No target in view!
An ice beast comes into view.
The ice beast hits you. The ice beast freezes you!
An ice beast is nearby!
You are too injured to fight recklessly!
An ice beast is nearby!
Unknown command.
Casting: Beastly Appendage (safe; 4% risk of failure)
Confirm with . or Enter, or press ? or * to list all spells.
You grow a pair of large bovine horns.
The ice beast hits you. The ice beast freezes you!
Ouch! That really hurt!
You die...

.# .# .# ### ###.# #.#
#...## #####
#.###....##### ....###
#......_.....+
###...#####.####@...###
###.......# ##Y..#
####..##....# .###
.....###....# .# ######
#...## .# #...# .#
##### .. ..


You could see an ice beast.

Vanquished Creatures
  A dart slug (D:3)
  An endoplasm (D:2)
  A giant cockroach (D:3)
  2 kobolds (D:1)
  3 quokkas
  2 bats
  A frilled lizard (D:1)
  A rat (D:1)
12 creatures vanquished.

Notes
Turn   | Place    | Note
-------+----------+-------------------------------------------
     0 | D:1      | leafyfresh the Merfolk Transmuter began the quest for the
                  | Orb.
     0 | D:1      | Reached XP level 1. HP: 15/15 MP: 3/3
   289 | D:1      | Reached skill level 3 in Transmutations
   922 | D:2      | Reached XP level 2. HP: 14/21 MP: 3/5
   998 | D:2      | You fall into a shaft and drop 1 floor!
  1074 | D:3      | Reached skill level 4 in Transmutations
  1159 | D:3      | Found a sacrificial altar of Ru.
  1164 | D:3      | Noticed an ice beast
  1166 | D:3      | Mangled by an ice beast

Illustrated notes

Levels and vault maps discovered:
D:1:      lightli_arrival_flooded_house, layout_basic
D:2:      layout_basic, basic_altar, minmay_misc_feat_columns,
          grunt_decor_arrowhead, dk_noncrumbling_2
D:3:      layout_basic, grunt_temple_overflow_growth_and_decay,
          nicolae_overflow_crystal_walls, cheibrodos_worm_habitat,
          grunt_dithmenos_smoke, cheibrodos_sewer_entry_drain

Skill      XL: |  1  2 |
---------------+-------+-----
Transmutations | 3 4 |  4.1
Fighting       | |  1.1
Dodging        | |  2.6
Unarmed Combat | |  3.2
Spellcasting   | |  2.0

Action                     || total
---------------------------++-------
  Melee: Unarmed           ||    41
         Punch             ||     1
         Headbutt          ||     2
   Cast: Beastly Appendage ||     5
 Armour: Robe              ||     7
  Dodge: Dodged            ||    23
